 Dungeon Crawl Stone Soup version 0.31.0-9-g3a7656b989 (webtiles) character file.

Game seed: 9284142050663052079

70 Colgate the Trooper (level 4, -1/41 HPs)
             Began as a Minotaur Fighter on Jan 24, 2024.
             Slain by an ogre
             ... wielding a +0 giant club
              (21 damage)
             ... on level 3 of the Dungeon.
             The game lasted 00:00:51 (1573 turns).

Colgate the Trooper (Minotaur Fighter)              Turns: 1573, Time: 00:00:52

Health: -1/41      AC:  7    Str: 23    XL:     4   Next: 4%
Magic:  3/3        EV:  9    Int:  5    God:
Gold:   81         SH:  4    Dex:  9    Spells: 3/3 levels left

rFire   . . .        a - +0 war axe
rCold   . . .        c - +0 buckler
rNeg    . . .        b - +0 scale mail
rPois   .            (helmet restricted)
rElec   .            (no cloak)
rCorr   .            (no gloves)
SInv    .            (no boots)
Will    .....        (no amulet) Stlth
                     (no ring)
HPRegen 0.26/turn    (no ring)
MPRegen 0.08/turn

%: no passive effects
@: no status effects
A: horns 2, retaliatory headbutt
a: no special abilities


You were on level 3 of the Dungeon.
You visited 1 branch of the dungeon, and saw 3 of its levels.

You collected 81 gold pieces.

Inventory:

Hand Weapons
 a - a +0 war axe (weapon)
Armour
 b - a +0 scale mail (worn)
 c - a +0 buckler (worn)
Jewellery
 m - a +4 ring of slaying
Wands
 k - a wand of polymorph (7)
Scrolls
 e - a scroll of fog {unknown}
 f - a scroll of poison {unknown}
 g - a scroll of silence {unknown}
 i - 2 scrolls of enchant weapon {unknown}
 j - 7 scrolls of identify {unknown}
 l - a scroll of butterflies {unknown}
Potions
 d - 2 potions of might {@q3}
 h - a potion of curing {unknown}
 n - a potion of resistance {unknown}
 o - 2 potions of heal wounds {unknown}


   Skills:
 + Level 4.3 Fighting
 + Level 3.3 Axes
 + Level 4.3 Armour
 + Level 4.3 Shields


You had 3 spell levels left.
You didn't know any spells.
Your spell library contained the following spells:

 Spells                   Type           Power      Damage    Failure   Level
 Static Discharge         Conj/Air       0%         3-3/arc   94%         2
 Airstrike                Air            0%         2d(0-16)  100%        4
 Summon Lightning Spire   Summ/Air       0%         N/A       100%        4


Dungeon Overview and Level Annotations

Branches:
Dungeon (3/15)

Altars:
Ru

Shops:
D:1 !


Innate Abilities, Weirdness & Mutations

You have a pair of horns on your head.
You reflexively headbutt those who attack you in melee.


Message History

You are too injured to fight recklessly!
An ogre is nearby!
You are too injured to fight recklessly!
An ogre is nearby!
Unknown command.
You are too injured to fight recklessly!
An ogre is nearby!
You are too injured to fight recklessly!
An ogre is nearby!
You are too injured to fight recklessly!
An ogre is nearby!
You are too injured to fight recklessly!
An ogre is nearby!
You are too injured to fight recklessly!
An ogre is nearby!
You are too injured to fight recklessly!
An ogre is nearby!
You are too injured to fight recklessly!
An ogre is nearby!
You are too injured to fight recklessly!
An ogre is nearby!
You are too injured to fight recklessly!
An ogre is nearby!
You are too injured to fight recklessly!
An ogre is nearby!
You are too injured to fight recklessly!
An ogre is nearby!
You are too injured to fight recklessly!
An ogre is nearby!
Unknown command.
Unknown command.
Unknown command.
Unknown command.
Unknown command.
Unknown command.
There is a stone staircase leading up, spattered with blood here.
There is a stone staircase leading up here.
The ogre hits you with a +0 giant club!!
Ouch! That really hurt!
You die...

#.# #.# #.# #.# #.###.##
#####......# #
#....####.##########
###.###....##.............
...........##....####.?...
...............###........
.........@O##.###.........
.....[.....##.##........>.
....(...†..##.##..........
.......###....##..........
....... ......>.........#
....... ................#
....... ........ .....
......... ######.


You could see an ogre.

Vanquished Creatures
  3 adders (D:2)
  3 dart slugs
  3 endoplasms (D:2)
  A giant cockroach (D:2)
  3 goblins
  2 hobgoblins
  2 jackals (D:2)
  A quokka (D:1)
  3 ball pythons
  6 bats
  2 frilled lizards
  4 kobolds
  7 rats
40 creatures vanquished.

Notes
Turn   | Place    | Note
-------+----------+-------------------------------------------
     0 | D:1      | Colgate the Minotaur Fighter began the quest for the Orb.
     0 | D:1      | Reached XP level 1. HP: 19/19 MP: 0/0
   203 | D:1      | Reached XP level 2. HP: 23/27 MP: 1/1
   777 | D:1      | Found Xegruc's Distillery.
   848 | D:2      | Found a sacrificial altar of Ru.
   918 | D:2      | Reached XP level 3. HP: 30/33 MP: 2/2
  1537 | D:3      | Reached XP level 4. HP: 41/41 MP: 3/3
  1558 | D:3      | Noticed an ogre
  1573 | D:3      | Slain by an ogre

Illustrated notes

Levels and vault maps discovered:
D:1:      minmay_arrival_three_doors, layout_basic, serial_shops, shop,
          minivault_23, kennysheep_flooded_box
D:2:      layout_loops_ring, basic_altar
D:3:      minmay_chambers_of_threes, layout_rooms, nicolae_vehumet_altar_sigil,
          mainiacjoe_overflow_catwalk, ebering_ecumenical_altar_petrified

Skill      XL: |  1  2 |
---------------+-------+-----
Armour         | 4 |  4.3
Fighting       | 4 |  4.3
Shields        | 4 |  4.3
Axes           | 3 |  3.3

Action                     |  1- 3 |  4- 6 || total
---------------------------+-------+-------++-------
  Melee: War axe           |    77 |     1 ||    78
         Headbutt          |     7 |       ||     7
 Armour: Scale mail        |    58 |     2 ||    60
  Dodge: Dodged            |    38 |       ||    38
  Block: Buckler           |     4 |       ||     4
